 Dungeon Crawl Stone Soup version 0.28.0-1-gb440e238dd (webtiles) character file.

Game seed: 6122785193623264910

0 Dirian the Magician (level 1, -3/14 HPs)
             Began as a Hill Orc Wanderer on Feb 19, 2022.
             Slain by a goblin (4 damage)
             ... on level 1 of the Dungeon.
             The game lasted 00:00:43 (147 turns).

Dirian the Magician (Hill Orc Wanderer)              Turns: 147, Time: 00:00:44

Health: -3/14      AC:  3    Str: 12    XL:     1   Next: 10%
Magic:  4/4        EV: 11    Int: 14    God:
Gold:   0          SH:  0    Dex: 10    Spells: 6/6 levels left

rFire   . . .      SeeInvis .   a - +0 club
rCold   . . .      Faith    .   (no shield)
rNeg    . . .      Spirit   .   b - +0 robe
rPois   .          Reflect  .   c - +0 helmet
rElec   .          Harm     .   (no cloak)
rCorr   .          Rampage  .   (no gloves)
Will    .....                   (no boots)
Stlth   ++........              (no amulet)
HPRegen 0.04/turn               (no ring)
MPRegen 0.09/turn               (no ring)

@: no status effects
A: no striking features
a: no special abilities


You were on level 1 of the Dungeon.
You visited 1 branch of the dungeon, and saw 1 of its levels.

Inventory:

Hand Weapons
 a - a +0 club (weapon)
Armour
 b - a +0 robe (worn)
 c - a +0 helmet (worn)
Scrolls
 d - a scroll of enchant armour {unknown}


   Skills:
 + Level 0.0 Fighting
 * Level 0.2 Axes
 + Level 0.0 Armour
 - Level 1.0 Dodging
 - Level 2.4 Stealth
 - Level 3.2 Spellcasting
 - Level 2.1 Fire Magic


You had 6 spell levels left.
You didn't know any spells.
Your spell library contained the following spells:

 Spells                   Type           Power      Damage    Failure   Level
 Foxfire                  Conj/Fire      20%        2x1d5     14%         1
 Apportation              Tloc           4%         N/A       22%         1
 Conjure Flame            Conj/Fire      5%         6-21      38%         3
 Teleport Other           Tloc           2%         N/A       54%         3
 Sticky Flame             Conj/Fire      5%         2d3       80%         4


Dungeon Overview and Level Annotations

Branches:
Dungeon (1/15)

Altars:

Shops:
D:1 (


Message History

You hit the goblin.
The goblin is severely wounded.
The goblin hits you with a +0 club.
You barely miss the goblin.
The goblin is severely wounded.
The goblin closely misses you.
You barely miss the goblin.
The goblin is severely wounded.
The goblin hits you but does no damage. The goblin barely misses you.
There is an escape hatch in the floor here.
You aren't carrying any potions.
You don't know any spells.
Memorise Foxfire, consuming 1 spell level and leaving 5?
You start memorising the spell.
You continue memorising.
The goblin hits you but does no damage.
Your memorisation is interrupted.
You don't know any spells.
You don't know any spells.
The goblin hits you with a +0 club.
You barely miss the goblin.
The goblin is severely wounded.
The goblin hits you with a +0 club. x2
* * * LOW HITPOINT WARNING * * *
You closely miss the goblin.
The goblin is severely wounded.
The goblin hits you but does no damage.
You hit the goblin but do no damage.
The goblin is severely wounded.
The goblin closely misses you.
You closely miss the goblin.
The goblin is severely wounded.
The goblin hits you but does no damage.
You closely miss the goblin.
The goblin is severely wounded.
The goblin hits you with a +0 club.
* * * LOW HITPOINT WARNING * * *
The goblin hits you but does no damage.
You closely miss the goblin.
The goblin is severely wounded.
The goblin hits you with a +0 club.
You die...

####...#### #.........#
#. ## #.........# #. ##
⌠.#
#.........######.#.##.##
#.........##.! ......#..
#...##.#####.###..#...
###.##.#####........
#.##........###.####...
#.########...@gg.....#
#. #.####J####.#
#..###.####.#
#..8.>.∩.8..#
#.##.....#..# #.#......♣
♣ .........♣♣♣♣♣
..###.#≈♣≈♣ ...♣≈♣≈≈≈


You could see an endoplasm, a hobgoblin and a goblin.

Vanquished Creatures
  A bat (D:1)
1 creature vanquished.

Notes
Turn   | Place    | Note
-------+----------+-------------------------------------------
     0 | D:1      | Dirian the Hill Orc Wanderer began the quest for the Orb.
     0 | D:1      | Dirian set off with the following items: a +0 club, a +0
                  | robe, a +0 helmet; and the following spells available to
                  | memorise: Foxfire, Apportation, Conjure Flame, Teleport
                  | Other, Sticky Flame
     0 | D:1      | Reached XP level 1. HP: 14/14 MP: 4/4
    44 | D:1      | Found Qotwost's Antique Weapon Emporium.
   147 | D:1      | Slain by a goblin

Illustrated notes

Levels and vault maps discovered:
D:1:      minmay_arrival_hallway, layout_loops_ring, serial_shops, shop_statue,
          shapermc_ecumenical_altar_mp_vishouse, serial_bayou,
          serial_bayou_lagoon_a, serial_bayou_lake_a, serial_bayou_pond_e,
          serial_bayou_pond_b, hex_tiny, nicolae_concentric_dashed_squares_mild,
          grunt_decor_mini_mirrors, minmay_misc_feat_roman

Action                   || total
-------------------------++-------
Melee: Club              ||    27
 Stab: Sleeping          ||     1
Armor: Robe              ||    17
Dodge: Dodged            ||    23
